 Dungeon Crawl Stone Soup version 0.20.1-1-g8b1a95d (webtiles) character file.

66 Folque the Magician (level 4, 0/29 HPs)
             Began as an Octopode Wizard on Nov 20, 2017.
             Slain by an adder (4 damage)
             ... on level 2 of the Dungeon.
             The game lasted 00:08:41 (2100 turns).

Folque the Magician (Octopode Wizard)               Turns: 2100, Time: 00:08:41

Health: 0/29       AC:  1    Str:  6    XL:     4   Next: 15%
Magic:  2/9        EV: 13    Int: 21    God:
Gold:   91         SH:  0    Dex: 10    Spells: 1/9 levels left

rFire    . . .     SeeInvis .   o - +0 spear
rCold    . . .     Gourm    .   (no shield)
rNeg     . . .     Faith    +   a - +0 hat
rPois    .         Spirit   .   e - amulet of faith
rElec    .         Reflect  .   (no ring)
rCorr    .         Harm     .   (no ring)
MR       .....                  (no ring)
Stlth    +++.......             (no ring)
Regen    0.1/turn               (no ring)
MPRegen  0.2/turn               (no ring)
                                (no ring)
                                (no ring)

@: very slightly contaminated
A: almost no armour, stealthy swim, amphibious, 8 rings, constrict 8, camouflage
1, gelatinous body 1
a: no special abilities


You were on level 2 of the Dungeon.
You were hungry.

You visited 1 branch of the dungeon, and saw 2 of its levels.

You collected 91 gold pieces.

Inventory:

Hand Weapons
 f - a +0 club
 o - a +0 spear (weapon)
Armour
 a - a +0 hat (worn)
 l - a +0 buckler
Jewellery
 e - an amulet of faith (around mantle)
 t - an uncursed ring of fire {unknown}
Scrolls
 h - a scroll of identify
 i - a scroll of teleportation {unknown}
 k - a scroll of random uselessness {unknown}
 m - a scroll of blinking {unknown}
Potions
 g - a potion of might {unknown}
 j - 2 potions of haste {unknown}
 n - a potion of invisibility {unknown}
 s - a potion of berserk rage {unknown}
 u - 2 potions of ambrosia {unknown}
Books
 b - a book of Minor Magic

   Spells                             Type                      Level
   a - Magic Dart                     Conjuration                  1
   b - Blink                          Translocation                2
   c - Call Imp                       Summoning                    2
   d - Slow                           Hexes                        2
   e - Conjure Flame                  Conjuration/Fire             3
   f - Mephitic Cloud                 Conjuration/Poison/Air       3
Comestibles
 c - a bread ration
 d - a fruit
 p - 6 chunks of flesh
 q - a royal jelly


   Skills:
 - Level 2.0 Fighting
 - Level 2.0 Dodging
 - Level 2.6 Stealth
 + Level 3.4 Spellcasting
 + Level 1.3 Conjurations
 - Level 1.0 Summonings
 - Level 1.0 Translocations
 * Level 2.2 Poison Magic


You had one spell level left.
You knew the following spells:

 Your Spells              Type           Power        Failure   Level  Hunger
a - Magic Dart            Conj           #...         8%          1    None
b - Call Imp              Summ           #.......     13%         2    ##.....
c - Blink                 Tloc           N/A          13%         2    ##.....
d - Mephitic Cloud        Conj/Pois/Air  #.......     24%         3    ###....


Dungeon Overview and Level Annotations

Branches:
Dungeon (2/15)

Altars:
Nemelex Xobeh
Ru
Trog
Uskayaw
Yredelemnul
Zin

Annotations:
D:2 Sigmund


Innate Abilities, Weirdness & Mutations

You cannot wear most types of armour.
You are very stealthy in the water. (Stealth+)
You are amphibious.
You can wear up to eight rings at the same time.
You can use your tentacles to constrict eight enemies at once.
Your skin changes colour to match your surroundings (Stealth+).
Your rubbery body absorbs attacks. (AC +1, EV +1)


Message History

Press: ? - help, Dir - move target cursor, f/p - Sigmund
Aim: Sigmund, wielding a scythe of freezing and wearing a robe (heavily wounded, confused)
You reach to attack!
You hit Sigmund.
Sigmund is heavily wounded.
You barely miss Sigmund. Your grab misses Sigmund.
Sigmund is heavily wounded.
Sigmund seems less confused.
Sigmund hits you with a scythe of freezing.
Sigmund freezes you.
Your white imp closely misses the adder.
You swap places.
The adder barely misses you.
Sigmund gestures wildly while chanting.
Sigmund flickers and vanishes!
Deactivating autopickup; reactivate with Ctrl-A.
The adder bites you.
You miss the adder. Your grab misses the adder. Something hits you!
Something freezes you.
* * * LOW HITPOINT WARNING * * *
The adder bites you.
You die...

# ############ ..
#..........# .#
#......%.(.# .#
.......P.P.# #..#
#......._..# ..#
#......P.P.#
#......{...# #### #S5#
...# ###@## ...##
#...# ....##### #.###
.........#####.#####
...####....>.......##
...###...........(..##
...##........####...>#
...##........#((#....#
...##......_.#..#....#


You could see an adder and a friendly white imp.

Vanquished Creatures
  An adder (D:2)
  A worm (D:2)
  2 dart slugs (D:2)
  A leopard gecko (D:1)
  A giant cockroach (D:2)
  3 goblins
  5 hobgoblins
  3 jackals (D:2)
  3 kobolds (D:2)
  5 bats
  A frilled lizard (D:2)
  5 rats
31 creatures vanquished.

Vanquished Creatures (collateral kills)
  3 adders (D:2)
  A hobgoblin (D:2)
  2 kobolds (D:2)
  A rat (D:2)
7 creatures vanquished.

Grand Total: 38 creatures vanquished

Notes
Turn   | Place    | Note
-------+----------+-------------------------------------------
     0 | D:1      | Folque the Octopode Wizard began the quest for the Orb.
     0 | D:1      | Reached XP level 1. HP: 11/11 MP: 4/4
   337 | D:1      | Reached skill level 1 in Fighting
   746 | D:1      | Reached XP level 2. HP: 18/18 MP: 6/6
   750 | D:1      | Learned a level 2 spell: Call Imp
   753 | D:1      | Learned a level 2 spell: Blink
  1292 | D:2      | Reached XP level 3. HP: 12/24 MP: 1/7
  1297 | D:2      | Learned a level 3 spell: Mephitic Cloud
  1531 | D:2      | Reached skill level 1 in Poison Magic
  1569 | D:2      | Noticed a hand axe
  1570 | D:2      | Found a hide-covered altar of Uskayaw.
  1571 | D:2      | Noticed a hand axe
  1862 | D:2      | Found a glowing silver altar of Zin.
  1862 | D:2      | Found a sparkling altar of Nemelex Xobeh.
  1892 | D:2      | Reached XP level 4. HP: 23/29 MP: 9/9
  1986 | D:2      | Found a sacrificial altar of Ru.
  1986 | D:2      | Found a bloodstained altar of Trog.
  2071 | D:2      | Found a basalt altar of Yredelemnul.
  2074 | D:2      | Noticed Sigmund
  2100 | D:2      | Slain by an adder

Skill      XL: |  1  2  3 |
---------------+----------+-----
Fighting       | 1 2 |  2.0
Poison Magic   | 2 |  2.2
Dodging        | |  2.0
Stealth        | |  2.6
Spellcasting   | |  3.4
Conjurations   | |  1.3
Summonings     | |  1.0
Translocations | |  1.0

Action                   |  1- 3 |  4- 6 || total
-------------------------+-------+-------++-------
Melee: Unarmed           |    13 |       ||    13
       Club              |    44 |       ||    44
       Tentacles         |    18 |       ||    18
       Constrict         |    24 |     3 ||    27
       Spear             |    27 |    12 ||    39
 Cast: Call Imp          |    12 |     4 ||    16
       Magic Dart        |     4 |     1 ||     5
       Mephitic Cloud    |     1 |     1 ||     2
  Use: Scroll            |       |     2 ||     2
 Stab: Sleeping          |     4 |       ||     4
       Confused          |     1 |       ||     1
  Eat: Chunk             |     4 |       ||     4
Armor: Skin              |     6 |     1 ||     7
Dodge: Dodged            |    65 |    14 ||    79
